 Dungeon Crawl Stone Soup version 0.26-a0-546-g3c2127501a (webtiles) character file.

Game seed: 16328461641175038142

(classic levelgen) 18 EnegeticOcto the Vexing (level 2, 0/15 HPs)
             Began as a Vampire Enchanter on Aug 19, 2020.
             Slain by an iguana (12 damage)
             ... on level 4 of the Dungeon.
             The game lasted 00:02:17 (240 turns).

EnegeticOcto the Vexing (Vampire Enchanter)          Turns: 240, Time: 00:02:18

Health: 0/15       AC:  2    Str:  7    XL:     2   Next: 51%
Magic:  3/5        EV: 12    Int: 17    God:
Gold:   51         SH:  0    Dex: 14    Spells: 2/5 levels left

rFire    . . .     SeeInvis +   a - +1 dagger
rCold    + + .     Faith    .   (no shield)
rNeg     + + +     Spirit   .   b - +0 robe
rPois    ∞         Reflect  .   (no helmet)
rElec    .         Harm     .   (no cloak)
rCorr    .                      (no gloves)
MR       .....                  (no boots)
Stlth    +++++.....             (no amulet)
HPRegen  0.00/turn              (no ring)
MPRegen  0.09/turn              (no ring)

@: bloodless
A: fangs 3, see invisible, unbreathing
a: Revivify


You were on level 4 of the Dungeon.
You visited 1 branch of the dungeon, and saw 4 of its levels.

You collected 51 gold pieces.

Inventory:

Hand Weapons
 a - a +1 dagger (weapon)
Armour
 b - a +0 robe (worn)
Scrolls
 c - a scroll of remove curse {unknown}
 d - a scroll of fear {unknown}
 e - a scroll of teleportation {unknown}


   Skills:
 - Level 1.1 Short Blades
 - Level 2.1 Dodging
 - Level 4.4 Stealth
 - Level 2.0 Spellcasting
 + Level 5.7 Hexes


You had 2 spell levels left.
You knew the following spells:

 Your Spells              Type           Power        Failure   Level
a - Corona                Hex            ###....      1%          1
b - Ensorcelled Hibernat  Hex/Ice        ##....       9%          2

Your spell library contained the following spells:

 Spells                   Type           Power        Failure   Level
 Confusing Touch          Hex            ###.....     5%          3
 Tukima's Dance           Hex            ###.....     5%          3
 Dazzling Flash           Conj/Hex       ##....       19%         3


Dungeon Overview and Level Annotations

Branches:
Dungeon (4/15)
 Temple: D:4-7

Altars:


Innate Abilities, Weirdness & Mutations

You do not regenerate when monsters are visible.
You are frail without blood (-20% HP).
You can heal yourself when you bite living creatures.
You are immune to poison.
You have razor-sharp teeth.
You have supernaturally acute eyesight. (SInv)
You can survive without breathing.


Message History

You bite the bat, and draw its blood!
You feel better.
You impale the bat!!
You kill the bat!
Your Hexes skill increases to level 5!
A hobgoblin comes into view.
You see here a bat corpse.
You open the door.
There is an open door here.
Found a stone staircase leading down.
A jackal comes into view.
A jackal comes into view.
There is a stone staircase leading down here.
You climb downwards.
Found 17 gold pieces.
There is a stone staircase leading up here.
A kobold comes into view.
Found 13 gold pieces.
Found a spear and a scroll labeled VEGARU WYITT.
Found a stone staircase leading down.
Found a spear and 10 gold pieces.
Found a stone staircase leading down.
Found a scroll labeled FEADUTR CYCVAA.
Found a stone staircase leading up.
The helpless kobold fails to defend itself.
You bite the kobold, and draw its blood!
You feel better.
You puncture the kobold!
You kill the kobold!
You now have 10 gold pieces.
A rat comes into view.
You see here a scroll labeled VEGARU WYITT.
You see here a scroll labeled VEGARU WYITT.
d - a scroll labeled VEGARU WYITT
e - a scroll labeled FEADUTR CYCVAA A kobold comes into view.
You now have 25 gold pieces (gained 15).
You now have 38 gold pieces (gained 13).
The helpless kobold fails to defend itself.
You bite the kobold, and draw its blood!
You feel better.
You impale the kobold!!
You kill the kobold!
You see here 2 stones.
An adder comes into view.
There is a stone staircase leading down here.
The helpless adder fails to defend itself.
You bite the adder, and draw its blood!
You feel better.
You impale the adder!!
You kill the adder!
You have reached level 2!
Okay, then.
Memorise Ensorcelled Hibernation, consuming 2 spell levels and leaving 2?
You start memorising the spell.
You continue memorising. x2
You finish memorising.
Spell assigned to 'b'.
There is a stone staircase leading down here.
You climb downwards.
A giant cockroach comes into view.
There is a stone staircase leading up here.
Found a stone staircase leading down.
The helpless giant cockroach fails to defend itself.
You impale the giant cockroach!!
You kill the giant cockroach!
A bat comes into view.
There is a stone staircase leading down here.
An adder comes into view.
The helpless bat fails to defend itself.
You bite the bat, and draw its blood! You impale the bat!!
You kill the bat!
There is a stone staircase leading down here.
You climb downwards.
Found 13 gold pieces.
There is a stone staircase leading up here.
Found a scroll labeled AGHINI OBLE.
You now have 51 gold pieces (gained 13).
A frilled lizard and an iguana come into view.
Found a scroll labeled ZYILOU JEJESO.
The frilled lizard hisses angrily.
The iguana hisses angrily.
Casting: Corona (safe; 1% risk of failure)
Confirm with . or Enter, or press ? or * to list all spells.
Aiming: Ensorcelled Hibernation (safe; 9% risk of failure)
Press: ? - help, Shift-Dir - straight line, f - iguana
Aim: an iguana (chance to defeat MR: 50%)
The iguana looks drowsy...
The helpless iguana fails to defend itself.
You bite the iguana, and draw its blood!
You puncture the iguana!
The iguana is almost dead.
The iguana closely misses you.
You hit the iguana but do no damage.
The iguana is almost dead.
The iguana bites you but does no damage.
You closely miss the iguana.
The iguana is almost dead.
You hit the iguana but do no damage.
The iguana is almost dead.
The iguana bites you.
You hit the iguana but do no damage. You bite the iguana, but do no damage.
The iguana is almost dead.
The iguana closely misses you.
You hit the iguana but do no damage.
The iguana is almost dead.
The iguana bites you!
Ouch! That really hurt!
You die...

### ... #.# #.#
#. #.#
##...#####.###.#
#?....ll@......#
#...?#####.#####
...#.#####.# .
.......<#
#########


You could see an iguana and a frilled lizard.

Vanquished Creatures
  An adder (D:2)
  2 bats
  A giant cockroach (D:3)
  A goblin (D:1)
  A hobgoblin (D:1)
  3 kobolds
9 creatures vanquished.

Notes
Turn   | Place    | Note
-------+----------+-------------------------------------------
     0 | D:1      | EnegeticOcto the Vampire Enchanter began the quest for the
                  | Orb.
     0 | D:1      | Reached XP level 1. HP: 13/13 MP: 3/3
    74 | D:1      | Reached skill level 5 in Hexes
   180 | D:2      | Reached XP level 2. HP: 15/15 MP: 5/5
   184 | D:2      | Learned a level 2 spell: Ensorcelled Hibernation
   240 | D:4      | Slain by an iguana

Illustrated notes

Levels and vault maps discovered:
D:1:      minmay_arrival_nine_rooms, layout_basic
D:2:      layout_basic, chequers_serial_rivers_micro_c, minmay_tiny_reverse_x
D:3:      minmay_roachtagon, layout_basic, serial_rivers,
          chequers_serial_rivers_micro_c, chequers_serial_rivers_marsh,
          chequers_serial_rivers_large_a, chequers_serial_rivers_small_3,
          chequers_ecumenical_altar_simple_redux, chequers_serial_rivers_room_a,
          chequers_serial_rivers_room_b
D:4:      layout_loops_ring, chequers_decorated_corner

Skill      XL: |  1 |
---------------+----+-----
Hexes          | 5 |  5.7
Short Blades   | |  1.1
Dodging        | |  2.1
Stealth        | |  4.4
Spellcasting   | |  2.0

Action                   || total
-------------------------++-------
Melee: Dagger            ||    22
       Bite              ||     1
 Cast: Corona            ||     2
       Ensorcelled Hiber ||     1
 Abil: Exsanguinate      ||     1
 Stab: Sleeping          ||     8
Armor: Robe              ||     3
Dodge: Dodged            ||     4

Table legend: (Time is in decaauts)
 A = Elapsed time spent in this place.
 B = Non-inter-level travel time spent in this place.
 C = Inter-level travel time spent in this place.
 D = Time resting spent in this place.
 E = Time spent auto-exploring this place.
 F = Levels seen in this place.
 G = Mean time per level.
                   A        B        C        D        E       F      G
               +--------+--------+--------+--------+--------+-----+--------+
         Total |    238 |    238 |      0 |      0 |     19 |   4 |   59.5 |
       Dungeon |    238 |    238 |      0 |      0 |     19 |   4 |   59.5 |
               +--------+--------+--------+--------+--------+-----+--------+

Top non-repeatable levels by time:
     D:1: 127 daAuts
     D:2: 60 daAuts
     D:3: 29 daAuts
     D:4: 20 daAuts
